 Dungeon Crawl Stone Soup version 0.29.1-2-gbd0b4ee654 (webtiles) character file.

Game seed: 2228007467366208485

36724 KittyFluff the Stickfighter (level 13, -13/84 HPs)
             Began as a Gargoyle Berserker on Nov 24, 2022.
             Was a High Priest of Trog.
             Killed by divine providence
             ... invoked by a smoke demon
              (14 damage)
             ... on level 5 of the Lair of Beasts.
             The game lasted 01:32:10 (17491 turns).

KittyFluff the Stickfighter (Gargoyle Berserker)   Turns: 17491, Time: 01:32:10

Health: -13/84     AC: 26    Str: 27    XL:     13   Next: 92%
Magic:  4/13       EV: 15    Int: 12    God:    Trog [*****.]
Gold:   1573       SH:  0    Dex: 19    Spells: 12/12 levels left

rFire   . . .      SeeInvis .   z - +3 lajatang (speed)
rCold   . . .      Faith    .   (shield currently unavailable)
rNeg    + . .      Spirit   .   O - +0 acid dragon scales
rPois   ∞          Reflect  .   R - +1 helmet {Int+3}
rElec   +          Harm     .   f - +0 cloak
rCorr   +          Rampage  .   m - +2 pair of gloves {infuse}
Will    .....                   a - +0 pair of boots
Stlth   +++.......              w - amulet of the acrobat
HPRegen 0.24/turn               F - +6 ring of dexterity
MPRegen 0.13/turn               E - +6 ring of strength

@: about to teleport, spiked
A: sickness immunity, AC +9, negative energy resistance 1, electricity
resistance, torment resistance 1, petrification resistance
a: Renounce Religion, Berserk, Trog's Hand, Brothers in Arms


You were on level 5 of the Lair of Beasts.
You worshipped Trog.
Trog was extremely pleased with you.
You visited 2 branches of the dungeon, and saw 15 of its levels.

You collected 1734 gold pieces.
You spent 161 gold pieces at shops.

Inventory:

Hand Weapons
 i - a +0 sling
 z - a +3 lajatang of speed (weapon)
 D - a +1 antimagic lajatang
 G - a +0 shortbow
 K - a +0 quarterstaff
 S - a +0 morningstar
 Z - a +2 antimagic rapier
Missiles
 e - 31 poisoned darts (quivered)
 M - 3 boomerangs
 T - a curare-tipped dart
 X - a throwing net
Armour
 a - a +0 pair of boots (worn)
 f - a +0 cloak (worn)
 j - an orb of light
 m - a +2 pair of gloves of infusion (worn)
 O - +0 acid dragon scales (worn)
 P - a +1 leather armour of cold resistance
 R - a +1 helmet of intelligence (worn)
 W - a +0 kite shield
 Y - a +1 pair of gloves of stealth
Jewellery
 k - a ring of resist corrosion
 w - an amulet of the acrobat (around neck)
 y - a ring of positive energy
 E - a +6 ring of strength (right hand)
 F - a +6 ring of dexterity (left hand)
Wands
 c - a wand of iceblast (11)
 B - a wand of flame (11)
 C - a wand of digging (1)
 N - a wand of paralysis (8)
Scrolls
 b - 3 scrolls of amnesia {unknown}
 d - 2 scrolls of fear
 h - 3 scrolls of immolation
 l - 2 scrolls of blinking
 n - 4 scrolls of teleportation
 o - 2 scrolls of magic mapping {unknown}
 p - 3 scrolls of summoning
 x - 2 scrolls of brand weapon {unknown}
 H - 3 scrolls of enchant weapon
 V - a scroll of silence
Potions
 g - 7 potions of flight
 q - 4 potions of resistance
 r - 6 potions of might
 s - 4 potions of haste
 t - a potion of cancellation
 u - a potion of attraction
 v - 4 potions of heal wounds
 A - 5 potions of invisibility
 I - 9 potions of curing
 J - a potion of berserk rage
 L - a potion of mutation
 Q - a potion of magic
Miscellaneous
 U - a lightning rod (4/4)


   Skills:
 + Level 11.0 Fighting
 + Level 5.7(11.5) Maces & Flails
 + Level 15.5(15.9) Staves
 + Level 4.0 Ranged Weapons
 + Level 0.6 Throwing
 + Level 9.3 Armour
 + Level 5.6 Dodging
 + Level 4.8 Stealth
 * Level 4.8 Shields
 * Level 5.3 Evocations


You had 12 spell levels left.
You didn't know any spells.
Your spell library was empty.

Dungeon Overview and Level Annotations

Branches:
Dungeon (10/15)            Temple (0/1) D:5            Lair (5/5) D:8
 Shoals (0/4) Lair:2       Spider (0/4) Lair:2        Slime (0/5) Lair:5
    Orc (0/2) D:9

Altars:
Ashenzari
Cheibriados
Dithmenos
Elyvilon
Gozag
Kikubaaqudgha
Makhleb
Nemelex Xobeh
Okawaru
Qazlal
Ru
Sif Muna
Uskayaw
Vehumet
Yredelemnul
Jiyva

Shops:
D:6 [   D:8 (

Annotations:
D:8 3 runed translucent doors, qeuew's ghost, novice MfGl
D:10 1 runed translucent door


Innate Abilities, Weirdness & Mutations

You are immune to sickness and miasma.
Your stone body is resilient. (AC +9)
You are immune to poison.
You resist negative energy. (rN+)
You are resistant to electric shocks. (rElec)
You are resistant to unholy torment.
You are immune to petrification.


Message History

The hell hound bites you but does no damage.
You barely miss the red devil.
The red devil is heavily wounded.
The orange demon stings you but does no damage.
The orange demon stings you from afar!
You slice the ice devil!!
The ice devil is heavily wounded.
The hell hound stops to sniff the ground.
The hell hound breathes flames at you. The blast of flame hits you!
You barely miss the ice devil.
The ice devil is heavily wounded.
The hell hound bites you but does no damage.
The red devil hits you but does no damage.
The orange demon stings you but does no damage.
The orange demon closely misses you.
You barely miss the ice devil.
The ice devil is heavily wounded.
The hell hound barely misses you.
You slice the ice devil!!
The ice devil is almost dead.
The ice devil hits you. The ice devil freezes you!!
* * * LOW HITPOINT WARNING * * *
The orange demon closely misses you.
The red devil hits you from afar with a +0 trident.
* * * LOW HITPOINT WARNING * * *
Barbed spikes become lodged in your body.
The orange demon closely misses you.
As you read the scroll of teleportation, it crumbles to dust.
You feel strangely unstable.
The hell hound bites you but does no damage.
The hell hound misses you.
The red devil hits you from afar with a +0 trident!
* * * LOW HITPOINT WARNING * * *
Barbed spikes become lodged in your body.
The orange demon stings you but does no damage.
The orange demon barely misses you. The smoke demon gestures at you.
Something smites you!
You die...

♣♣ ♣♣..†....♣♣♣
♣....♣ ♣ ♣♣.♣♣.♣♣♣
##++## ♣
♣♣♣♣♣'######### ♣♣
♣#........# .♣
#..8.8...+ .♣♣
#...#.8..#########
..♣♣
#..#.8†4.#.......4
...♣
#...8.#h4#.......3
...♣
#..8.#@34h43.._...
..♣♣
#...8.8.4#.......4
♣♣♣
#......).#..§.§§§≈
#############§§≈§§
≈≈≈§≈ ####


You could see a sun demon, 2 orange demons, 2 ice devils, a smoke demon, a red
devil and 2 hell hounds.

Vanquished Creatures
  2 boulder beetles
  2 catoblepae
  A two-headed ogre (D:10)
  4 hydras (Lair:5)
  Nergalle (Lair:3)
  A wizard (Lair:5)
  A lindwurm (Lair:3)
  An oklob plant (D:8)
  A manticore (Lair:3)
  4 elephants
  Maurice (D:7)
  4 black mambas
  9 cane toads
  An orange demon (Lair:5)
  12 rime drakes
  13 komodo dragons
  A hornet (D:8)
  Grinder (D:3)
  4 polar bears
  8 blink frogs
  4 dream sheep (Lair:4)
  8 wyverns
  11 basilisks (Lair:3)
  29 yaks
  2 acid dragons
  17 water moccasins
  2 hell hounds (Lair:5)
  3 orc warriors
  3 black bears
  An ogre (D:6)
  4 centaurs
  A phantom (D:4)
  A kobold brigand (D:9)
  17 bullfrogs
  A gnoll sergeant (D:10)
  A necrophage (D:4)
  6 wights
  An oklob sapling (D:8)
  13 killer bees
  6 electric eels (D:6)
  2 howler monkeys (D:10)
  4 hounds
  5 orc priests
  A gnoll bouda (D:7)
  3 iguanas
  9 orc wizards
  8 hell rats
  8 gnolls
  11 adders
  A shadow imp (D:5)
  2 ufetubi (D:5)
  4 worms (D:2)
  2 dart slugs
  36 orcs
  6 bats
  5 endoplasms
  A giant cockroach (D:3)
  5 goblins
  5 hobgoblins
  3 quokkas
  11 ball pythons
  3 frilled lizards
  4 kobolds (D:9)
  17 rats
359 creatures vanquished.

Vanquished Creatures (others)
  22 fungi
  41 plants
63 creatures vanquished.

Grand Total: 422 creatures vanquished

Notes
Turn   | Place    | Note
-------+----------+-------------------------------------------
     0 | D:1      | KittyFluff the Gargoyle Berserker began the quest for the
                  | Orb.
     0 | D:1      | Reached XP level 1. HP: 14/14 MP: 1/1
   245 | D:1      | Reached XP level 2. HP: 19/19 MP: 2/2
   534 | D:1      | Reached ** piety under Trog
   618 | D:1      | Reached XP level 3. HP: 19/24 MP: 3/3
   941 | D:2      | Found a faded altar of an unknown god.
  1244 | D:2      | Reached XP level 4. HP: 29/29 MP: 4/4
  2100 | D:3      | Found a sparkling altar of Nemelex Xobeh.
  2104 | D:3      | Noticed Grinder
  2128 | D:3      | Paralysed by Grinder for 2 turns
  2247 | D:3      | HP: 2/43 [Grinder (6)]
  2250 | D:3      | Killed Grinder
  2251 | D:3      | Reached skill level 1 in Stealth
  2251 | D:3      | Reached XP level 5. HP: 2/34 MP: 5/5
  2251 | D:3      | Reached XP level 6. HP: 3/39 MP: 6/6
  3236 | D:4      | Reached skill level 5 in Maces & Flails
  3621 | D:4      | Reached *** piety under Trog
  3622 | D:4      | Reached XP level 7. HP: 11/44 MP: 7/7
  3890 | D:4      | Found a shadowy altar of Dithmenos.
  4135 | D:5      | Entered Level 5 of the Dungeon
  4135 | D:5      | Found a stormy altar of Qazlal.
  4193 | D:5      | Found a hide-covered altar of Uskayaw.
  4976 | D:5      | Reached skill level 1 in Staves
  4999 | D:5      | Found a snail-covered altar of Cheibriados.
  5052 | D:5      | Found a staircase to the Ecumenical Temple.
  5277 | D:6      | Reached skill level 2 in Staves
  5306 | D:6      | Found a sacrificial altar of Ru.
  5356 | D:6      | Reached skill level 3 in Staves
  5356 | D:6      | Reached XP level 8. HP: 48/48 MP: 8/8
  5521 | D:6      | Noticed a boulder beetle
  5540 | D:6      | Killed a boulder beetle
  5541 | D:6      | Reached skill level 5 in Fighting
  5541 | D:6      | Reached skill level 6 in Staves
  5541 | D:6      | Reached skill level 5 in Armour
  5923 | D:6      | Reached XP level 9. HP: 51/54 MP: 5/9
  5930 | D:6      | Reached skill level 7 in Staves
  6252 | D:6      | Found an iron altar of Okawaru.
  6319 | D:6      | Found Udybaut's Armour Shop.
  6398 | D:6      | Found an ancient bone altar of Kikubaaqudgha.
  6411 | D:6      | Found a shimmering blue altar of Sif Muna.
  6428 | D:6      | Found a radiant altar of Vehumet.
  6471 | D:6      | Bought a +0 pair of gloves of infusion for 161 gold pieces
  6663 | D:7      | Found an opulent altar of Gozag.
  6783 | D:7      | Reached skill level 8 in Staves
  6856 | D:7      | Reached **** piety under Trog
  7404 | D:8      | Noticed Maurice
  7466 | D:7      | Reached skill level 9 in Staves
  7524 | D:7      | Killed Maurice
  7727 | D:8      | Reached XP level 10. HP: 58/60 MP: 6/10
  8082 | D:8      | Found a staircase to the Lair.
  8094 | D:8      | Found a runed translucent gate.
  8094 | D:8      | Found a runed translucent gate.
  8099 | D:8      | Found a runed translucent gate.
  8144 | D:8      | Noticed a ten-headed hydra
  8146 | D:8      | Noticed qeuew's ghost (novice MfGl)
  8424 | D:8      | Found Hiunanus's Antique Weapon Emporium.
  8579 | D:9      | Reached skill level 10 in Staves
  8709 | D:9      | Found a basalt altar of Yredelemnul.
  8897 | D:9      | Found a broken altar of Ashenzari.
  8942 | D:9      | Found a staircase to the Orcish Mines.
  9215 | D:9      | Reached skill level 11 in Staves
  9221 | D:9      | Reached ***** piety under Trog
  9456 | D:10     | Entered Level 10 of the Dungeon
  9460 | D:10     | Found a white marble altar of Elyvilon.
  9690 | D:10     | Found a runed translucent door.
  9690 | D:10     | Found a burning altar of Makhleb.
  9690 | D:10     | Noticed a sixfirhy
  9797 | D:10     | Reached XP level 11. HP: 54/67 MP: 3/11
  9999 | D:10     | Reached skill level 12 in Staves
 10008 | D:10     | Reached skill level 1 in Evocations
 10190 | D:10     | Received a gift from Trog
 10548 | D:10     | Noticed a two-headed ogre
 10555 | D:10     | Killed a two-headed ogre
 10890 | D:8      | Noticed an oklob plant
 11138 | D:8      | Killed an oklob plant
 11139 | D:8      | Reached skill level 1 in Ranged Weapons
 11421 | Lair:1   | Entered Level 1 of the Lair of Beasts
 12233 | Lair:2   | Identified the +6 long sword "Killer Klown's Doom" {drain,
                  | Int+4}
 12335 | Lair:2   | Reached skill level 13 in Staves
 12428 | Lair:2   | Found a staircase to the Shoals.
 12479 | Lair:2   | Found a hole to the Spider Nest.
 12518 | Lair:2   | Noticed a catoblepas
 12531 | Lair:2   | Killed a catoblepas
 12532 | Lair:2   | Reached XP level 12. HP: 55/74 MP: 0/12
 13589 | Lair:3   | Noticed Nergalle
 13603 | Lair:3   | Killed Nergalle
 13788 | Lair:3   | Reached skill level 14 in Staves
 14692 | Lair:4   | Reached skill level 1 in Shields
 14748 | Lair:4   | Reached XP level 13. HP: 53/80 MP: 0/13
 15476 | Lair:4   | Reached skill level 15 in Staves
 15587 | Lair:4   | Reached skill level 10 in Fighting
 15746 | Lair:5   | Entered Level 5 of the Lair of Beasts
 16224 | Lair:5   | Reached skill level 5 in Dodging
 16535 | Lair:5   | Reached skill level 5 in Evocations
 16813 | Lair:5   | Received a gift from Trog
 16835 | Lair:5   | Found a staircase to the Slime Pits.
 16836 | Lair:5   | Found a viscous altar of Jiyva.
 17231 | Lair:5   | Identified the +5 dagger of Molap {vorpal, rF+ rN+ Will+
                  | Dex+4}
 17456 | Lair:5   | Found a burning altar of Makhleb.
 17491 | Lair:5   | HP: 1/84 [red devil/+0 trident (10)]
 17491 | Lair:5   | Killed from afar by a smoke demon

Illustrated notes

Levels and vault maps discovered:
D:1:      tarquinn_simple_flora_water_a, layout_basic, minmay_rat_gold_closets
D:2:      minmay_recursive_quarters, layout_loops_cross,
          dilly_ecumenical_altar_fadedgnrine
D:3:      layout_rooms, mainiacjoe_overflow_brackets, uniq_grinder
D:4:      layout_basic, kennysheep_mini_moat
D:5:      layout_basic, nicolae_uskayaw_dance_hall, cheibriados_altar_1,
          nicolae_qazlal_scattered_showers, minmay_temple_entry_grid,
          serial_co_window_serial, co_window_paths_a, co_window_corner_a,
          co_window_paths_b, co_window_corner_a, co_window_cross_1,
          co_window_paths_b, co_window_of_opportunity_a, co_window_corner_cb,
          co_window_2corner, co_window_of_opportunity_c, co_window_corner_b,
          co_window_unsneaky_path_a, co_window_broadway_a, serial_bayou_pond_a
D:6:      cheibrodos_two_vegetables, layout_rooms, palyth_temple_overflow_mages,
          kennysheep_little_box, okawaru_gym_becter, serial_shops,
          nicolae_shop_behind_doors
D:7:      layout_loops_cross, nicolae_gozag_cash_rules_everything_around_me
D:8:      layout_cave_pods, lair_entry_dummy, gammafunk_ghost_hydra_chop,
          serial_shops, nicolae_shop_stone, introduction_to_nature_2,
          uniq_maurice
D:9:      layout_big_octagon, mainiacjoe_overflow_surrounded_room,
          cheibrodos_ashenzari_chains, orc_0_dummy
D:10:     layout_irregular_city, nzn_makhleb_speed_demon, elyvilon_altar_5
Lair:1:   layout_roguey, st_stairs_9, grunt_forest_stairs_basic,
          serial_bayou_pond_a, serial_bayou_shore_b
Lair:2:   layout_misc_corridors, shoals_dummy_entry, dummy_spider_entry,
          chequers_serial_rivers_small_a, minivault_27, grunt_megastairs_2,
          lemuel_fruit_tree
Lair:3:   layout_cave_pods, special_room [special_room_mythical_zoo],
          uniq_nergalle
Lair:4:   layout_cave_pods, minmay_lair_drake_nest
Lair:5:   evil_forest, layout_regular_city, slime_entry_1

Skill      XL: |  1  2  3  4  5  6  7  8  9 10 11 12 13 |
---------------+----------------------------------------+-----
Dodging        | 2 3 4 5 |  5.6
Armour         | 3 4 5 6 7 8 9 |  9.3
Maces & Flails | 4 5 |  5.7
Fighting       | 4 5 6 7 8 9 11 | 11.0
Stealth        | 1 2 3 4 |  4.8
Staves         | 3 6 9 11 13 14 15 | 15.5
Evocations     | 2 4 5 |  5.3
Ranged Weapons | 4 |  4.0
Shields        | 2 4 |  4.8
Throwing       | |  0.6

Action                   |  1- 3 |  4- 6 |  7- 9 | 10-12 | 13-15 || total
-------------------------+-------+-------+-------+-------+-------++-------
Melee: Mace              |    82 |   143 |    19 |       |       ||   244
       Punch             |       |     3 |       |       |       ||     3
       Lajatang          |       |       |   249 |   604 |   236 ||  1089
       Quarterstaff      |       |       |       |       |    37 ||    37
 Fire: Shortbow          |       |       |       |    47 |       ||    47
       Sling             |       |       |       |    17 |       ||    17
Throw: Dart              |       |       |       |     1 |     2 ||     3
Invok: Berserk           |     1 |     1 |     5 |     4 |       ||    11
  Use: Scroll            |     1 |     3 |     3 |    16 |     4 ||    27
       Potion            |       |       |       |     1 |     1 ||     2
 Stab: Sleeping          |     2 |       |     4 |     2 |     2 ||    10
Armor: Animal skin       |    32 |    26 |       |       |       ||    58
       Leather armour    |       |    46 |    91 |    18 |       ||   155
       Acid dragon scale |       |       |       |   174 |   118 ||   292
Dodge: Dodged            |    50 |   110 |   155 |   224 |   178 ||   717
